 Dungeon Crawl Stone Soup version 0.27.1-4-g1640c2035a (webtiles) character file.

Game seed: 11134398719110322625

123 Iepvzaeh the Skirmisher (level 4, 0/42 HPs)
             Began as a Minotaur Berserker on Nov 1, 2021.
             Was a Believer of Trog.
             Slain by Pikel (4 damage)
             ... on level 4 of the Dungeon.
             The game lasted 00:06:23 (1859 turns).

Iepvzaeh the Skirmisher (Minotaur Berserker)        Turns: 1859, Time: 00:06:23

Health: 0/42       AC: 18    Str: 22    XL:     4   Next: 79%
Magic:  3/3        EV:  7    Int:  4    God:    Trog [**....]
Gold:   39         SH:  0    Dex: 10    Spells: 3/3 levels left

rFire    . . .     SeeInvis .   d - +2 mace (protect)
rCold    . . .     Faith    +   (no shield)
rNeg     . . .     Spirit   .   j - +0 plate armour {rPois}
rPois    +         Reflect  .   (helmet restricted)
rElec    .         Harm     .   (no cloak)
rCorr    .         Rampage  .   (no gloves)
Will     .....                  (no boots)
Stlth    ..........             h - amulet of faith
HPRegen  0.14/turn              (no ring)
MPRegen  0.08/turn              (no ring)

@: under a protective aura
A: horns 2, retaliatory headbutt
a: Renounce Religion, Berserk, Trog's Hand


You were on level 4 of the Dungeon.
You worshipped Trog.
Trog was pleased with you.
You visited 1 branch of the dungeon, and saw 5 of its levels.

You collected 39 gold pieces.

Inventory:

Hand Weapons
 a - a +0 spear
 d - a +2 mace of protection (weapon)
 l - the +4 dagger "Baofrobb" {vorpal, rF+}
   (You found it on level 6 of the Dungeon)

   It inflicts extra damage upon your enemies.
   rF:        It protects you from fire.
Missiles
 i - 34 bolts
Armour
 j - a +0 plate armour of poison resistance (worn)
Jewellery
 h - an amulet of faith (around neck)
Wands
 k - a wand of mindburst (10)
Scrolls
 b - a scroll of identify {unknown}
 c - a scroll of noise {unknown}
 e - a scroll of magic mapping {unknown}
 g - 2 scrolls of fear {unknown}
Potions
 f - a potion of lignification {unknown}
 m - a potion of mutation {unknown}


   Skills:
 + Level 5.1 Fighting
 + Level 2.8 Maces & Flails
 - Level 3.8 Polearms
 + Level 3.2 Armour
 + Level 2.6 Dodging


You had 3 spell levels left.
You didn't know any spells.
Your spell library was empty.

Dungeon Overview and Level Annotations

Branches:
Dungeon (6/15)
 Temple: D:4-7

Altars:

Annotations:
D:4 Pikel


Innate Abilities, Weirdness & Mutations

You have a pair of horns on your head.
You reflexively headbutt those who attack you in melee.


Message History

You thump the lemure!
Your weapon exudes an aura of protection.
Your headbutt misses the lemure.
The lemure is moderately wounded.
The lemure hits you but does no damage.
Pikel zaps a wand.
Some rock shatters into small pieces.
You hit the lemure but do no damage.
The lemure is moderately wounded.
The lemure barely misses you. x2; You furiously retaliate!
You headbutt the lemure. You sock the lemure!
The lemure is severely wounded.
The lemure hits you but does no damage. x2
You barely miss Pikel.
Pikel is heavily wounded.
Pikel hits you with a +2 whip of flaming!
Pikel burns you. The lemure barely misses you.
You closely miss Pikel.
Pikel is heavily wounded.
Pikel says, "You'll feel the lick of my whip!"
Pikel hits you but does no damage. The lemure hits you but does no damage.
You hit Pikel but do no damage. You headbutt Pikel.
Pikel is heavily wounded.
Pikel hits you with a +2 whip of flaming.
Pikel burns you. The lemure hits you!
You hit Pikel but do no damage.
Pikel is heavily wounded.
Pikel hits you with a +2 whip of flaming.
Pikel burns you.
You don't know any spells.
Hit: d) +2 mace (protect)
Press: ? - help, Dir - move target, f/p - Pikel
Aim: Pikel, wielding a +2 whip of flaming, wearing a +0 robe and carrying a wand of digging (4) (heavily wounded, about 44% to evade your +2 mace of protection)
Your plate armour prevents you from hitting Pikel.
Pikel is heavily wounded.
Pikel hits you but does no damage.
Pikel hits you with a +2 whip of flaming!
* * * LOW HITPOINT WARNING * * *
Pikel burns you.
You die...

#.# #.# #..
##.###################
...........)......... #
#.#######........#### #.
#.# #........#
###.#.#.5######........####
......†55K@...'............
#####..########........####
#.# #######........# ....
..........#'#### ## ###.#
##......#.# #. #.#
#......#.## ## #.#
#......#..##
##.######......#...#
..........###.#≈≈≈#


You could see Pikel and 3 lemures.

Vanquished Creatures
  An orc wizard (D:4)
  Robin (D:4)
  An adder (D:2)
  5 orcs (D:4)
  3 ball pythons
  7 endoplasms
  4 giant cockroaches
  6 goblins
  4 hobgoblins
  4 jackals (D:4)
  5 quokkas (D:4)
  2 bats
  A kobold (D:1)
  3 rats
47 creatures vanquished.

Vanquished Creatures (others)
  An orc wizard (D:4)
1 creature vanquished.

Grand Total: 48 creatures vanquished

Notes
Turn   | Place    | Note
-------+----------+-------------------------------------------
     0 | D:1      | Iepvzaeh the Minotaur Berserker began the quest for the
                  | Orb.
     0 | D:1      | Reached XP level 1. HP: 19/19 MP: 0/0
   190 | D:1      | Found a faded altar of an unknown god.
   397 | D:1      | Reached XP level 2. HP: 25/27 MP: 1/1
   527 | D:1      | Reached skill level 4 in Fighting
   905 | D:2      | Reached skill level 1 in Maces & Flails
   965 | D:2      | You fall into a shaft and drop 2 floors!
   965 | D:4      | Found a glowing drain.
   972 | D:4      | Reached XP level 3. HP: 29/33 MP: 2/2
   973 | D:4      | Reached ** piety under Trog
  1001 | D:5      | Entered Level 5 of the Dungeon
  1014 | D:4      | You fall into a shaft and drop 2 floors!
  1024 | D:6      | Identified the +4 dagger "Baofrobb" {vorpal, rF+}
  1031 | D:6      | Noticed an ogre
  1153 | D:4      | Noticed Robin
  1165 | D:4      | Killed Robin
  1465 | D:4      | Reached XP level 4. HP: 41/41 MP: 3/3
  1512 | D:4      | Reached skill level 5 in Fighting
  1840 | D:4      | Noticed a lemure
  1840 | D:4      | Noticed Pikel
  1841 | D:4      | Noticed a lemure
  1842 | D:4      | Noticed a lemure
  1845 | D:4      | Noticed a lemure
  1859 | D:4      | Slain by Pikel

Illustrated notes

Levels and vault maps discovered:
D:1:      dpeg_arrival_solitude, layout_loops_ring, basic_ecumenical_altar
D:2:      layout_rooms, minmay_misc_feat_ornament, chequers_arboretum
D:4:      layout_basic, portal_sewer_entry_f, kennysheep_generic_room_15,
          uniq_pikel, uniq_robin
D:5:      minmay_razor_zed, layout_basic, enter_ossuary_4,
          kennysheep_small_square
D:6:      cheibrodos_steamvent, layout_loops_ring,
          mainiacjoe_overflow_tiny_flanked

Skill      XL: |  1  2  3  4 |
---------------+-------------+-----
Fighting       | 4 5 |  5.1
Maces & Flails | 1 2 |  2.8
Armour         | 3 |  3.2
Polearms       | |  3.8
Dodging        | |  2.6

Action                   |  1- 3 |  4- 6 || total
-------------------------+-------+-------++-------
Melee: Mace              |    85 |    37 ||   122
       Headbutt          |    11 |     7 ||    18
Evoke: Wand              |       |     1 ||     1
Armor: Animal skin       |     3 |       ||     3
       Plate armour      |    61 |    33 ||    94
Dodge: Dodged            |    32 |     9 ||    41
